 Dungeon Crawl Stone Soup version 0.25.1-2-g60ff931df9 (webtiles) character file.

Game seed: 17969008381210205527

6402 RUZZLEFAZAZZLE the Grappler (level 10, -4/100 HPs)
             Began as a Troll Monk on Aug 25, 2020.
             Was a Priest of the Shining One.
             Splashed by Harold's acid (12 damage)
             ... on level 10 of the Dungeon.
             The game lasted 00:24:23 (7903 turns).

RUZZLEFAZAZZLE the Grappler (Troll Monk)            Turns: 7903, Time: 00:24:23

Health: -4/100     AC:  7    Str: 24    XL:     10   Next: 66%
Magic:  9/9        EV: 10    Int:  6    God:    the Shining One [***...]
Gold:   459        SH: 15    Dex: 12    Spells: 9/9 levels left

rFire    + . .     SeeInvis .     - Unarmed
rCold    . . .     Gourm    +   r - +0 tower shield
rNeg     + . .     Faith    .   a - +0 robe
rPois    .         Spirit   .   (helmet restricted)
rElec    .         Reflect  .   t - +0 cloak
rCorr    .         Harm     .   (gloves unavailable)
MR       +....                  (boots unavailable)
Stlth    +.........             (no amulet)
HPRegen  0.66/turn              d - ring of protection from magic
MPRegen  0.11/turn              c - ring of protection from fire

@: marked, glowing
A: large, unfitting armour, claws 3, fast metabolism 3, gourmand, regeneration
1, shaggy fur 1, tough skin 3
a: Divine Shield, Renounce Religion


You were on level 10 of the Dungeon.
You worshipped the Shining One.
The Shining One was most pleased with you.
You were very full.

You visited 2 branches of the dungeon, and saw 11 of its levels.
You also visited: Sewer.

You collected 459 gold pieces.

Inventory:

Armour
 a - a +0 robe (worn)
 r - a +0 tower shield (worn)
 s - a +2 robe of magic resistance
 t - a +0 cloak (worn)
Jewellery
 c - a ring of protection from fire (right claw)
 d - a ring of protection from magic (left claw)
Wands
 g - a wand of polymorph (11)
 n - a wand of flame (18)
 u - a wand of disintegration (9)
Scrolls
 e - 4 scrolls of fear
 i - 2 scrolls of remove curse
 j - 6 scrolls of teleportation
 o - 2 scrolls of enchant weapon
 v - a scroll of magic mapping
 x - a scroll of blinking
Potions
 f - a potion of cancellation
 h - a potion of brilliance
 k - 5 potions of curing
 l - a potion of might
 m - 3 potions of magic
 p - 3 potions of stabbing
 q - 3 potions of lignification
 w - 3 potions of heal wounds
 z - a potion of flight
 A - a potion of resistance
Miscellaneous
 y - a lightning rod (4/4)
Comestibles
 b - 18 rations
 B - 5 chunks of flesh


   Skills:
 + Level 6.7 Fighting
 + Level 6.1 Armour
 + Level 6.7 Dodging
 - Level 1.0 Stealth
 + Level 5.3 Shields
 + Level 8.1 Unarmed Combat


You had 9 spell levels left.
You didn't know any spells.
Your spell library contained the following spells:

 Spells                   Type           Power        Failure   Level  Hunger
 Animate Skeleton         Necr           N/A          98%         1    ##.....
 Apportation              Tloc           #.....       98%         1    ##.....
 Corona                   Hex            #......      98%         1    ##.....
 Infusion                 Chrm           #...         98%         1    ##.....
 Shock                    Conj/Air       #...         98%         1    ##.....
 Summon Butterflies       Summ           #.......     98%         1    ##.....
 Summon Small Mammal      Summ           #...         98%         1    ##.....
 Shroud of Golubria       Chrm/Tloc      #.....       99%         2    ###....
 Song of Slaying          Chrm           #.......     99%         2    ###....
 Swiftness                Chrm/Air       #.......     99%         2    ###....
 Lesser Beckoning         Tloc           #.........   100%        3    ####...
 Ozocubu's Armour         Chrm/Ice       #.......     100%        3    ####...
 Spectral Weapon          Hex/Chrm       #.......     100%        3    ####...
 Static Discharge         Conj/Air       #.......     100%        3    ####...
 Tukima's Dance           Hex            #.......     100%        3    ####...
 Dispel Undead            Necr           #.......     100%        4    #####..
 Alistair's Intoxication  Tmut/Pois      #.......     100%        5    ######.
 Freezing Cloud           Conj/Ice/Air   #.........   100%        6    #######
 Invisibility             Hex            #.......     100%        6    #######


Dungeon Overview and Level Annotations

Branches:
Dungeon (10/15)            Temple (1/1) D:7            Lair (0/6) D:10
  Sewer (visited)
    Orc: D:9-12

Altars:
Ashenzari
Cheibriados
Dithmenos
Elyvilon
Fedhas
Gozag
Hepliaklqana
Kikubaaqudgha
Makhleb
Nemelex Xobeh
Okawaru
Qazlal
Ru
Sif Muna
Trog
Uskayaw
Vehumet
Wu Jian
Xom
Yredelemnul
Zin
The Shining One

Annotations:
D:10 Harold


Innate Abilities, Weirdness & Mutations

You are too large for most types of armour.
You have claws for hands.
Your metabolism is lightning-fast.
You like to eat raw meat.
Your natural rate of healing is unusually fast.
You are covered in fur. (AC +1)
You have extremely tough skin. (AC +3)


Message History

You block Harold's attack.
You completely miss Harold.
Harold is moderately wounded.
Harold gestures at you while chanting. A sentinel's mark forms upon you.
You claw Harold!
Harold is heavily wounded.
Harold thinks, and says "Perhaps I'll take up writing after I'm done here..."
Harold gestures at you while chanting. The mark upon you grows brighter.
You scratch Harold.
Harold is heavily wounded.
Harold zaps a wand.
The bolt of acid hits you!!
* * * LOW HITPOINT WARNING * * *
You are splashed with acid!
* * * LOW HITPOINT WARNING * * *
You feel much better.
Harold zaps a wand.
The bolt of acid hits you!
* * * LOW HITPOINT WARNING * * *
You are splashed with acid!
You die...

#...# ...# .....#
#...# ...P.. #...#
.P..P.# #...#
....... #...#
.......## #...# #.#
..>!...@###...# #.#
.......@[.....# #.#
.......####...# #.#
...PP.# #...# #.#
.P.... #...# #.#
..... #...# #.#
#...#
#####...########.#
....
...................
...
..................)
###################


You could see Harold.

Vanquished Creatures
  Erica (D:9)
  Maggie (D:9)
  A hornet (D:9)
  Grinder (D:6)
  A hippogriff (D:10)
  A yak (D:10)
  Eustachio (D:6)
  A basilisk (D:10)
  2 soldier ants (D:9)
  Duvessa (D:6)
  A black bear (D:7)
  A sky beast (D:7)
  4 ice beasts
  3 phantoms
  A necrophage (D:8)
  6 ogres
  2 centaurs
  A crocodile (D:10)
  5 bullfrogs
  A gnoll sergeant (D:8)
  A water moccasin zombie (D:7)
  Dowan (D:6)
  3 scorpions
  5 wights (D:8)
  3 howler monkeys
  3 crimson imps
  2 centaur skeletons
  2 hounds
  A bullfrog skeleton (D:5)
  3 orc priests
  7 orc wizards
  Jessica (D:3)
  Natasha (thrice) (D:3)
  5 iguanas
  Ijyb (D:3)
  6 worker ants
  A killer bee zombie (D:8)
  A hound skeleton (D:8)
  A howler monkey zombie (D:6)
  3 worker ant zombies
  11 adders
  6 gnolls
  4 river rats (Sewer)
  A shadow imp (D:8)
  An ooze (D:4)
  An adder zombie (D:9)
  4 worms
  5 dart slugs
  5 leopard geckos
  19 orcs
  6 ball pythons
  8 bats
  6 giant cockroaches
  6 goblins
  12 hobgoblins
  12 jackals
  3 quokkas
  A ball python skeleton (D:4)
  9 frilled lizards
  10 kobolds
  A quokka skeleton (D:5)
  15 rats
235 creatures vanquished.

Vanquished Creatures (others)
  An orc (D:10)
  A frilled lizard (D:1)
2 creatures vanquished.

Grand Total: 237 creatures vanquished

Notes
Turn   | Place    | Note
-------+----------+-------------------------------------------
     0 | D:1      | RUZZLEFAZAZZLE the Troll Monk began the quest for the Orb.
     0 | D:1      | Reached XP level 1. HP: 22/22 MP: 0/0
   164 | D:1      | Reached XP level 2. HP: 29/29 MP: 1/1
   374 | D:1      | Reached XP level 3. HP: 34/36 MP: 2/2
   602 | D:2      | Found an iron altar of Okawaru.
   610 | D:2      | Reached skill level 1 in Armour
   731 | D:2      | Noticed an ogre
   742 | D:2      | Killed an ogre
   742 | D:2      | Reached XP level 4. HP: 35/45 MP: 3/3
   780 | D:2      | Found a shimmering altar of Xom.
   792 | D:2      | Found an ornate altar of the Wu Jian Council.
   795 | D:2      | Found an ancient bone altar of Kikubaaqudgha.
   954 | D:2      | Reached XP level 5. HP: 51/53 MP: 4/4
  1326 | D:2      | Reached skill level 4 in Unarmed Combat
  1636 | D:3      | Noticed Jessica
  1642 | D:3      | Killed Jessica
  1770 | D:3      | Found a glowing drain.
  1778 | Sewer    | Entered a sewer
  1810 | Sewer    | Reached XP level 6. HP: 50/61 MP: 5/5
  2221 | D:3      | Noticed Natasha
  2229 | D:3      | Killed Natasha
  2247 | D:3      | Noticed Natasha
  2255 | D:3      | Killed Natasha
  2315 | D:3      | Noticed Ijyb
  2321 | D:3      | Killed Ijyb
  2347 | D:3      | Found a faded altar of an unknown god.
  2651 | D:3      | Noticed Natasha
  2661 | D:3      | Killed Natasha
  3275 | D:4      | Reached skill level 1 in Shields
  3275 | D:4      | Reached XP level 7. HP: 59/68 MP: 6/6
  3413 | D:4      | Found a sacrificial altar of Ru.
  3733 | D:5      | Entered Level 5 of the Dungeon
  3767 | D:5      | Reached skill level 5 in Unarmed Combat
  3921 | D:5      | Noticed a +0 dagger
  3922 | D:5      | Found a hide-covered altar of Uskayaw.
  3922 | D:5      | Noticed a +0 dagger
  4006 | D:5      | Reached XP level 8. HP: 79/79 MP: 7/7
  4684 | D:6      | Noticed Dowan
  4690 | D:6      | Noticed Duvessa
  4701 | D:6      | Killed Duvessa
  4724 | D:6      | Killed Dowan
  4969 | D:6      | Noticed Eustachio
  5029 | D:6      | Killed Eustachio
  5029 | D:6      | Reached skill level 5 in Fighting
  5029 | D:6      | Reached skill level 5 in Dodging
  5029 | D:6      | Reached skill level 6 in Unarmed Combat
  5249 | D:6      | Noticed Grinder
  5256 | D:6      | Killed Grinder
  5256 | D:6      | Reached XP level 9. HP: 79/88 MP: 8/8
  5434 | D:7      | Found a staircase to the Ecumenical Temple.
  5563 | Temple   | Entered the Ecumenical Temple
  5629 | Temple   | Became a worshipper of the Shining One
  5629 | Temple   | Reached * piety under the Shining One
  5629 | Temple   | Reached ** piety under the Shining One
  5852 | D:7      | Found a bloodstained altar of Trog.
  5917 | D:7      | Found a glowing golden altar of the Shining One.
  6195 | D:8      | Identified Mepagim's Collected Works on Gliding Darkness
  6397 | D:8      | Reached skill level 5 in Armour
  6522 | D:8      | Reached skill level 7 in Unarmed Combat
  6527 | D:8      | Found a blossoming altar of Fedhas.
  6813 | D:8      | Reached *** piety under the Shining One
  6985 | D:8      | Found a burning altar of Makhleb.
  7108 | D:9      | Reached XP level 10. HP: 94/98 MP: 9/9
  7120 | D:9      | Noticed Erica
  7135 | D:9      | Killed Erica
  7439 | D:9      | Noticed Maggie
  7448 | D:9      | Killed Maggie
  7448 | D:9      | Reached skill level 5 in Shields
  7793 | D:10     | Entered Level 10 of the Dungeon
  7865 | D:10     | Found a staircase to the Lair.
  7871 | D:10     | Noticed Harold
  7880 | D:10     | Reached skill level 8 in Unarmed Combat
  7902 | D:10     | HP: 2/100 [acid (15)]
  7903 | D:10     | Splashed by Harold's acid

Illustrated notes

Levels and vault maps discovered:
D:1:      shiori_arrival_maze, layout_loops_cross
D:2:      minmay_thinvault, layout_loops_cross, okawaru_metal_pillars_1_2,
          grunt_temple_overflow_open
D:3:      layout_basic, gup_sewer_entry_spiral,
          chequers_ecumenical_altar_simple, uniq_ijyb, uniq_jessica,
          uniq_natasha
D:4:      layout_rooms, nicolae_ru_great_annihilating_truth,
          nrook_loot_triangle, st_stairs_8, hex_medium
D:5:      layout_loops_corners, dancing_weapons_uskayaw, first_ration
D:6:      minmay_recursive_quarters, layout_rooms, uniq_grinder, uniq_eustachio,
          uniq_duvessa
D:7:      layout_gridville, nicolae_overflow_crystal_walls,
          minmay_temple_entry_mini_moons, tso_altar
D:8:      layout_loops_cross, lemuel_coloured_pillars_altar,
          fedhas_ov_isle_minmay
D:9:      layout_basic, hangedman_pestilent_swarm, uniq_maggie, uniq_erica
D:10:     layout_long_grid, david_lair_generic, uniq_harold
Temple:   dshaligram_water_room_temple

Skill      XL: |  1  2  3  4  5  6  7  8  9 10 |
---------------+-------------------------------+-----
Armour         | 1 2 3 4 5 6 |  6.1
Fighting       | 3 4 5 6 |  6.7
Dodging        | 3 4 5 6 |  6.7
Unarmed Combat | 4 5 6 7 8 |  8.1
Shields        | 1 2 3 4 5 |  5.3
Stealth        | |  1.0

Action                   |  1- 3 |  4- 6 |  7- 9 | 10-12 || total
-------------------------+-------+-------+-------+-------++-------
Melee: Unarmed           |    56 |   252 |   402 |   101 ||   811
       Punch             |       |     4 |       |       ||     4
  Use: Scroll            |       |     3 |    16 |     2 ||    21
       Potion            |       |       |     1 |     1 ||     2
 Stab: Sleeping          |     1 |    11 |     1 |       ||    13
       Distracted        |       |     1 |     1 |       ||     2
       Paralysed         |       |       |     1 |       ||     1
  Eat: Chunk             |    12 |    21 |    39 |     7 ||    79
Armor: Robe              |    19 |    87 |    98 |    13 ||   217
Dodge: Dodged            |    21 |   150 |    96 |    26 ||   293
Block: Kite shield       |       |    28 |     7 |       ||    35
       Tower shield      |       |       |   254 |    63 ||   317
